 Dungeon Crawl Stone Soup version 0.19-a0-790-ge39e1af (webtiles) character file.

7027 st0uf the Cleaver (level 10, -1/91 HPs)
             Began as a Minotaur Fighter on June 26, 2016.
             Was a Priest of Uskayaw.
             Slain by a komodo dragon (14 damage)
             ... on level 1 of the Lair of Beasts.
             The game lasted 00:27:35 (7323 turns).

st0uf the Cleaver (Minotaur Fighter)                Turns: 7323, Time: 00:27:36

Health: -1/91      AC: 16    Str: 21    XL:     10   Next: 82%
Magic:  11/11      EV:  8    Int:  5    God:    Uskayaw [***...]
Gold:   716        SH:  6    Dex: 15    Spells: 0 memorised, 9 levels left

rFire  . . .     SeeInvis +     A - +11 morningstar "Eos" {elec, -Tele rElec SInv}
rCold  . . .     Gourm    +     m - +0 plate armour
rNeg   . . .     Faith    .     l - +0 buckler
rPois  .         Spirit   .     (helmet restricted)
rElec  +         Dismiss  .     (no cloak)
rCorr  .         Reflect  .     s - +0 pair of gloves
SustAt .         Harm     .     (no boots)
MR     +....     NoTele   +     R - amulet of the gourmand
Stlth  ..........               r - +2 ring of dexterity
                                q - ring of protection from magic

@: somewhat resistant to hostile enchantments, extremely unstealthy
A: retaliatory headbutt, horns 2
a: Stomp, Line Pass, Renounce Religion


You were on level 1 of the Lair of Beasts.
You worshipped Uskayaw.
Uskayaw was most pleased with you.
You were not hungry.

You visited 3 branches of the dungeon, and saw 10 of its levels.

You collected 716 gold pieces.

Inventory:

Hand Weapons
 a - a +2 war axe of chopping
 t - a +0 hand axe of flaming
 A - the +11 morningstar "Eos" (weapon) {elec, -Tele rElec SInv}
   (You found it on level 5 of the Dungeon)

   Occasionally, upon striking a foe, it will discharge some electrical energy
   and cause terrible harm.
   It insulates you from electricity.
   It lets you see invisible.
   It prevents most forms of teleportation.
Missiles
 h - 143 bolts
Armour
 c - a +0 shield
 l - a +0 buckler (worn)
 m - a +0 plate armour (worn)
 s - a +0 pair of gloves (worn)
Jewellery
 q - a ring of protection from magic (left hand)
 r - a +2 ring of dexterity (right hand)
 E - an uncursed ring of fire
 R - an amulet of the gourmand (around neck)
 S - an uncursed ring of see invisible
Wands
 H - a wand of confusion (12/48)
 M - a wand of random effects (28/48)
 O - a wand of polymorph (16/24)
Scrolls
 b - a scroll of blinking {unknown}
 e - 7 scrolls of identify
 k - 4 scrolls of teleportation {unknown}
 n - 2 scrolls of magic mapping {unknown}
 v - 2 scrolls of remove curse {unknown}
 w - 4 scrolls of enchant armour {unknown}
 x - 2 scrolls of immolation {unknown}
 y - 2 scrolls of enchant weapon {unknown}
 D - 2 scrolls of fear {unknown}
 K - a scroll of noise {unknown}
 N - a scroll of recharging {unknown}
Potions
 d - a potion of might
 g - 2 potions of flight {unknown}
 i - 4 potions of curing
 j - 3 potions of ambrosia {unknown}
 z - 3 potions of haste {unknown}
 B - a potion of cure mutation {unknown}
 C - 2 potions of magic {unknown}
 F - a potion of heal wounds {unknown}
 G - a potion of mutation {unknown}
 I - 2 potions of degeneration {unknown}
 J - 3 potions of lignification {unknown}
 P - a potion of agility {unknown}
 Q - a potion of berserk rage {unknown}
Comestibles
 f - 5 bread rations
 o - 2 meat rations
 p - 18 fruits
 u - a royal jelly
 L - a beef jerky


   Skills:
 + Level 9.4 Fighting
 * Level 10.1(11.1) Axes
 + Level 7.3(9.8) Maces & Flails
 + Level 10.0 Armour
 + Level 3.0 Dodging
 + Level 6.6 Shields
 + Level 4.3 Unarmed Combat
 * Level 3.0 Invocations


You had 9 spell levels left.
You didn't know any spells.

Dungeon Overview and Level Annotations

Branches:
Dungeon (8/15)             Temple (1/1) D:4            Lair (1/6) D:8

Altars:
Ashenzari
Cheibriados
Dithmenos
Elyvilon
Fedhas
Gozag
Hepliaklqana
Kikubaaqudgha
Makhleb
Nemelex Xobeh
Okawaru
Pakellas
Qazlal
Ru
Sif Muna
Trog
Uskayaw
Vehumet
Xom
Yredelemnul
Zin
The Shining One


Innate Abilities, Weirdness & Mutations

You reflexively headbutt those who attack you in melee.
You have a pair of horns on your head.


Message History

The blink frog is severely wounded.
You block the blink frog's attack.
You can now pass through a line of other dancers.
You impale the blink frog!!
You kill the blink frog!
Your Invocations skill increases to level 3!
You block the komodo dragon's attack.
You puncture the komodo dragon!
The komodo dragon is moderately wounded.
The komodo dragon barely misses you. You furiously retaliate!
You headbutt the komodo dragon, but do no damage.
Uskayaw will force your foes to helplessly watch your dance.
You puncture the komodo dragon!
The komodo dragon is severely wounded.
The komodo dragon barely misses you.
You hit the komodo dragon but do no damage.
Your headbutt misses the komodo dragon.
The komodo dragon is severely wounded.
The komodo dragon bites you!
You die...

## .. .### ... ### ... ##
....###..# .. ####..# ........#.
.#..8..# .........####......#####
#.........@l.8.>.8....##
#..#.......#..........###
#.........##...#.......#.
..[####.##.##...###+###...<....
..............##.......#....###
#..####.....##...........#....#
###.## #..F####......##.....##.#.
.##..###....##..#.##.........#.#.
.#..##......#..##.........##..#(.


You could see a komodo dragon.

Vanquished Creatures
  A hydra (Lair:1)
  Urug (Lair:1)
  A black mamba (Lair:1)
  Psyche (D:8)
  A spiny frog (Lair:1)
  A komodo dragon (Lair:1)
  A two-headed ogre (D:8)
  Grinder (D:6)
  4 blink frogs (Lair:1)
  The ghost of Liquid the Poker, an amateur CeGl of Okawaru (D:4)
  6 yaks (Lair:1)
  2 water moccasins
  A phantom (D:4)
  3 ogres
  2 centaurs
  4 giant frogs
  A big kobold (D:7)
  2 scorpions
  5 killer bees (D:8)
  A howler monkey (D:3)
  3 crimson imps
  2 orc priests
  A gnoll shaman (D:8)
  3 hounds
  A giant frog skeleton (D:8)
  3 iguanas
  2 orc wizards
  8 worker ants
  A worker ant zombie (D:7)
  11 gnolls
  7 adders
  10 river rats
  2 shadow imps (D:6)
  An ooze (D:1)
  An adder skeleton (D:4)
  3 worms
  2 dart slugs (D:1)
  6 giant geckos
  16 orcs
  A giant cockroach (D:3)
  12 hobgoblins
  8 jackals
  13 kobolds
  2 quokkas (D:6)
  4 ball pythons
  13 bats
  7 giant newts
  6 goblins
  6 rats
195 creatures vanquished.

Vanquished Creatures (others)
  2 fungi (D:8)
2 creatures vanquished.

Grand Total: 197 creatures vanquished

Notes
Turn   | Place    | Note
--------------------------------------------------------------
     0 | D:1      | st0uf the Minotaur Fighter began the quest for the Orb.
     0 | D:1      | Reached XP level 1. HP: 19/19 MP: 0/0
   253 | D:1      | Reached XP level 2. HP: 27/27 MP: 1/1
   674 | D:1      | Reached XP level 3. HP: 29/33 MP: 2/2
  1050 | D:2      | Reached XP level 4. HP: 31/40 MP: 3/3
  1056 | D:2      | Reached skill level 1 in Dodging
  1581 | D:2      | Reached skill level 1 in Unarmed Combat
  1759 | D:2      | Reached XP level 5. HP: 46/46 MP: 4/4
  1817 | D:2      | Found a radiant altar of Vehumet.
  2307 | D:3      | Found a snail-covered altar of Cheibriados.
  2392 | D:3      | Found a shadowy altar of Dithmenos.
  2581 | D:3      | Reached skill level 5 in Armour
  3051 | D:4      | Reached XP level 6. HP: 53/53 MP: 5/5
  3062 | D:4      | Noticed Liquid's ghost (amateur CeGl)
  3092 | D:4      | Killed Liquid's ghost
  3153 | D:4      | Reached skill level 5 in Fighting
  3153 | D:4      | Reached skill level 5 in Axes
  3250 | D:4      | Found a staircase to the Ecumenical Temple.
  3254 | Temple   | Entered the Ecumenical Temple
  3389 | D:4      | Found a blossoming altar of Fedhas.
  3407 | D:4      | Reached XP level 7. HP: 36/61 MP: 6/6
  3560 | D:4      | Found a bloodstained altar of Trog.
  3727 | D:4      | Reached skill level 5 in Shields
  3845 | D:5      | Entered Level 5 of the Dungeon
  4187 | D:5      | Found a stormy altar of Qazlal.
  4411 | D:5      | Found a basalt altar of Yredelemnul.
  4606 | D:5      | Found a blossoming altar of Fedhas.
  5013 | D:6      | Noticed Grinder
  5023 | D:6      | Killed Grinder
  5023 | D:6      | Reached skill level 1 in Maces & Flails
  5023 | D:6      | Reached XP level 8. HP: 68/69 MP: 7/7
  5125 | D:6      | Found an iron altar of Okawaru.
  5425 | D:6      | Found a sparkling altar of Nemelex Xobeh.
  5647 | D:7      | Found a sparkling altar of Nemelex Xobeh.
  5656 | D:7      | Found a hide-covered altar of Uskayaw.
  5886 | D:7      | Found a deep blue altar of Sif Muna.
  6300 | D:8      | Reached XP level 9. HP: 65/78 MP: 8/8
  6380 | D:8      | Noticed Psyche
  6388 | D:8      | Killed Psyche
  6616 | D:8      | Found a staircase to the Lair.
  6848 | D:7      | Became a worshipper of Uskayaw the Reveler
  6874 | Lair:1   | Entered Level 1 of the Lair of Beasts
  6884 | Lair:1   | Reached skill level 5 in Maces & Flails
  6884 | Lair:1   | Reached * piety under Uskayaw
  6986 | Lair:1   | Noticed a black mamba
  6989 | Lair:1   | Reached ** piety under Uskayaw
  6990 | Lair:1   | Killed a black mamba
  7027 | Lair:1   | Noticed Urug
  7037 | Lair:1   | Killed Urug
  7037 | Lair:1   | Reached skill level 1 in Invocations
  7037 | Lair:1   | Reached XP level 10. HP: 74/88 MP: 9/9
  7037 | Lair:1   | Reached *** piety under Uskayaw
  7045 | Lair:1   | Reached **** piety under Uskayaw
  7049 | Lair:1   | Reached ***** piety under Uskayaw
  7093 | Lair:1   | Found a deep blue altar of Sif Muna.
  7101 | Lair:1   | Noticed a four-headed hydra
  7107 | Lair:1   | Killed a four-headed hydra
  7287 | Lair:1   | Noticed a spiny frog
  7297 | Lair:1   | Killed a spiny frog
  7314 | Lair:1   | Reached skill level 10 in Axes
  7314 | Lair:1   | Reached skill level 10 in Armour
  7323 | Lair:1   | Slain by a komodo dragon

Vault maps used:
D:1:      saegor_arrival_simple_b
D:2:      lemuel_doored_altar, first_bread, serial_bayou_pond_d,
          kennysheep_nondescript, kennysheep_generic_room_9
D:3:      lemuel_crystal_altar, overflow_temple_1_default
D:4:      lemuel_coloured_pillars_altar, trog_book
D:5:      lemuel_round_altar, yredelemnul_altar_generic, fedhas_altar_fruit_tree
D:6:      kennysheep_mini_moat, basic_altar, uniq_grinder
D:7:      nicolae_overflow_hidden_temple, lemuel_blue_sif_altar, basic_altar
D:8:      due_lair_maze_entry_diamond, uniq_psyche
Temple:   cyrus_circular_temple
Lair:1:   basic_altar, grunt_megastairs_2, uniq_urug

Skill      XL: |  1  2  3  4  5  6  7  8  9 10 |
---------------+-------------------------------+-----
Armour         | 4 5 6 8 9 10 | 10.0
Fighting       | 4 5 6 8 9 |  9.4
Shields        | 4 5 6 |  6.6
Dodging        | 1 2 3 |  3.0
Axes           | 3 4 5 6 7 9 10 | 10.1
Unarmed Combat | 1 2 3 4 |  4.3
Maces & Flails | 1 3 5 7 |  7.3
Invocations    | 1 3 |  3.0

Action                   |  1- 3 |  4- 6 |  7- 9 | 10-12 || total
-------------------------+-------+-------+-------+-------++-------
Melee: War axe           |    71 |   140 |    30 |       ||   241
       Headbutt          |     8 |    23 |    35 |     8 ||    74
       Morningstar       |       |       |   160 |    54 ||   214
Invok: Stomp             |       |       |       |     1 ||     1
  Use: Scroll            |       |       |       |     1 ||     1
       Potion            |       |       |       |     1 ||     1
 Stab: Paralysed         |       |       |       |     3 ||     3
  Eat: Chunk             |     1 |     7 |    11 |     4 ||    23
Armor: Scale mail        |    34 |       |       |       ||    34
       Plate armour      |       |    60 |   115 |    25 ||   200
Dodge: Dodged            |    19 |    48 |    73 |    14 ||   154
Block: Shield            |    37 |       |       |       ||    37
       Buckler           |     1 |    32 |    49 |    14 ||    96
